 Dungeon Crawl Stone Soup version 0.31.0-11-ge490571c62 (webtiles) character file.

Game seed: 14735033308700211734

100 qw the Shooter (level 4, -7/25 HPs)
             Began as a Deep Elf Hunter on Feb 4, 2024.
             Killed by divine providence
             ... invoked by an orc priest
              (14 damage)
             ... on level 3 of the Dungeon.
             The game lasted 00:00:06 (1415 turns).

qw the Shooter (Deep Elf Hunter)                    Turns: 1415, Time: 00:00:06

Health: -7/25      AC:  3    Str: 10    XL:     4   Next: 46%
Magic:  6/6        EV: 12    Int: 12    God:
Gold:   133        SH:  0    Dex: 18    Spells: 3/3 levels left

rFire   + + +        a - +0 shortbow
rCold   + . .        (shield currently unavailable)
rNeg    + . .        c - +0 leather armour
rPois   +            (no helmet)
rElec   .            (no cloak)
rCorr   .            (no gloves)
SInv    .            (no boots)
Will    .....        (no amulet)
Stlth   ++           k - ring of Skepticism {rPois rF+++ rC+ rN+ Int-2}
HPRegen 0.24/turn    (no ring)
MPRegen 0.10/turn

%: no passive effects
@: no status effects
A: no striking features
a: no special abilities


You were on level 3 of the Dungeon.
You visited 1 branch of the dungeon, and saw 3 of its levels.

You collected 133 gold pieces.


   Skills:
 - Level 1.5 Fighting
 + Level 7.9 Ranged Weapons
 - Level 2.4 Dodging
 - Level 1.2 Stealth


You had 3 spell levels left.
You didn't know any spells.
Your spell library was empty.

Inventory:

Hand Weapons
 a - a +0 shortbow (weapon)
Armour
 b - a +0 helmet
 c - a +0 leather armour (worn)
Jewellery
 e - a ring of fire
 k - the ring of Skepticism (left hand) {rPois rF+++ rC+ rN+ Int-2}
   (You found it on level 2 of the Dungeon)

   [ring of protection from cold]

   Int-2:     It affects your intelligence (-2).
   rF+++:     It renders you almost immune to fire.
   rC+:       It protects you from cold.
   rPois:     It protects you from poison rN+: It protects you from negative
   energy.
Potions
 f - a potion of enlightenment
 g - a potion of might
 i - 2 potions of haste
 j - a potion of lignification {unknown}
 l - a potion of cancellation {unknown}

Dungeon Overview and Level Annotations

Branches:
Dungeon (3/15)

Altars:
Sif Muna

Shops:
D:2 :


Message History

The orc hits you but does no damage.
An orc comes into view. It is wielding a +0 trident.
You shoot an arrow. The arrow hits the orc.
The orc is severely wounded.
The orc hits you with a +0 dagger.
You shoot an arrow. The arrow closely misses the orc.
The arrow closely misses the kobold.
The arrow hits the orc!
You kill the orc!
The orc closely misses you.
You shoot an arrow. The arrow closely misses the orc.
The arrow hits the kobold!
You kill the kobold!
The orc hits you with a +0 dagger.
You shoot an arrow. The arrow closely misses the orc. x2
The arrow barely misses the orc.
The orc closely misses you.
You shoot an arrow. The arrow hits the orc!
You kill the orc!
An adder comes into view.
You shoot an arrow. The adder hisses angrily.
The arrow hits the orc!
You kill the orc!
The orc hits you from afar with a +0 trident.
You shoot an arrow. The arrow hits the ball python!
You kill the ball python!
The orc hits you from afar with a +0 trident!
The orc barely misses you.
You shoot an arrow.
The arrow completely misses the orc priest.
The arrow hits the orc.
The orc is heavily wounded.
The orc priest calls down the wrath of Beogh upon you.
Pain shoots through your body!
The orc hits you from afar with a +0 trident.
You shoot an arrow. The arrow hits the orc priest.
The orc priest is lightly wounded.
The orc priest mumbles some strange prayers to Beogh against you.
Beogh smites you!
Ouch! That really hurt!
You die...

............##########
..........#.#.........
###########.#.######.#
# #.#.## #
#....####..# ##.#
#..^.......# #.#
##)..#####.# #.#
##.######.#.. #.#
#...@oo))... #.#
######S...#. #.# .#...
#.# %. . ##<# .. ...#
.. ##.# . #.# #.#


You could see an orc priest, an adder and an orc.

Vanquished Creatures
  2 adders (D:2)
  3 dart slugs
  5 orcs (D:3)
  5 bats
  3 endoplasms
  6 giant cockroaches
  3 hobgoblins (D:1)
  4 jackals (D:3)
  3 quokkas
  8 ball pythons
  4 frilled lizards
  8 goblins
  7 kobolds
  6 rats
67 creatures vanquished.

Notes
Turn   | Place    | Note
-------+----------+-------------------------------------------
     0 | D:1      | qw the Deep Elf Hunter began the quest for the Orb.
     0 | D:1      | Reached XP level 1. HP: 12/12 MP: 3/3
     0 | D:1      | 0 ||| qw: Version: 0.3-a-160-g6735b56
     0 | D:1      | 0 ||| qw: Game counter: 6061
     0 | D:1      | 0 ||| qw: Melee chars always use a shield: true
     0 | D:1      | 0 ||| qw: God list: Okawaru
     0 | D:1      | 0 ||| qw: Allow faded altars: false
     0 | D:1      | 0 ||| qw: Do Orc after clearing Dungeon:15 true
     0 | D:1      | 0 ||| qw: Do second Lair branch before Depths: true
     0 | D:1      | 0 ||| qw: Lair rune preference: random
     0 | D:1      | 0 ||| qw: Goals: Normal
     0 | D:1      | 0 ||| PLANNING D:1-11
   109 | D:1      | Reached skill level 6 in Ranged Weapons
   109 | D:1      | Reached XP level 2. HP: 14/16 MP: 4/4
   451 | D:1      | Reached XP level 3. HP: 20/20 MP: 5/5
   549 | D:1      | 549 ||| READING scroll labelled ERIPSO ARONNORO.
   550 | D:1      | 550 ||| READING 3 scrolls labelled POYQOH SIES.
   551 | D:1      | 551 ||| DRINKING 2 bubbling grey potions.
   552 | D:1      | 552 ||| DROPPING scroll of butterflies.
   553 | D:1      | 553 ||| DROPPING 2 scrolls of fear.
   683 | D:2      | Reached skill level 7 in Ranged Weapons
   702 | D:2      | Identified the +1 mace of the Evil Eye {venom, rF+}
   738 | D:2      | Found Ythryoxetz's Book Shop.
   761 | D:2      | Identified the ring of Skepticism {rPois rF+++ rC+ rN+
                  | Int-2}
   886 | D:2      | Reached XP level 4. HP: 25/25 MP: 6/6
  1002 | D:2      | Found a shimmering blue altar of Sif Muna.
  1275 | D:2      | 1275 ||| UPGRADING to ring of Skepticism {rPois rF+++ rC+
                  | rN+ Int-2}.
  1276 | D:2      | 1276 ||| READING 2 scrolls labelled AFUM ONIMAE.
  1276 | D:2      | 1276 ||| IDENTIFYING fizzy emerald potion
  1277 | D:2      | 1277 ||| READING scroll of identify.
  1277 | D:2      | 1277 ||| IDENTIFYING sedimented pink potion
  1278 | D:2      | 1278 ||| READING scroll labelled QILOSE MEICOTOI.
  1279 | D:2      | 1279 ||| DRINKING 2 brown potions.
  1280 | D:2      | 1280 ||| DROPPING potion of magic.
  1415 | D:3      | Killed from afar by an orc priest

Levels and vault maps discovered:
D:1:      minmay_arrival_four_houses, layout_rooms
D:2:      layout_basic, serial_shops, nicolae_book_shop_shelving, basic_altar,
          st_stairs_11, minmay_stone_trees_medium
D:3:      layout_loops_ring, mainiacjoe_overflow_small_starburst

Skill      XL: |  1  2  3 |
---------------+----------+-----
Ranged Weapons | 6 7 |  7.9
Fighting       | |  1.5
Dodging        | |  2.4
Stealth        | |  1.2

Action                     |  1- 3 |  4- 6 || total
---------------------------+-------+-------++-------
   Fire: Shortbow          |   108 |    51 ||   159
    Use: Scroll            |     2 |     3 ||     5
         Potion            |     1 |     1 ||     2
 Armour: Leather armour    |    21 |    14 ||    35
  Dodge: Dodged            |    19 |    15 ||    34

Table legend:
 A = Non-vault XP
 B = Vault XP
 C = Vault XP percentage of total XP
 D = Non-vault monster count
 E = Vault monster count
 F = Vault count percentage of total count
                 A         B        C        D         E       F
            +---------+---------+-------+---------+---------+-------
      Total |     124 |      19 |  13.3 |      62 |       5 |   7.5
            +---------+---------+-------+---------+---------+-------
        D:1 |      45 |       0 |   0.0 |      27 |       0 |   0.0
        D:2 |      41 |      19 |  31.7 |      19 |       5 |  20.8
        D:3 |      38 |       0 |   0.0 |      16 |       0 |   0.0
            +---------+---------+-------+---------+---------+-------
